 Dungeon Crawl Stone Soup version 0.22.1-2-g9c5b331 (webtiles) character file.

20623 tognito the Executioner (level 12, -3/90 HPs)
             Began as a Minotaur Berserker on Dec 26, 2018.
             Was a High Priest of Trog.
             Slain by a seven-headed hydra (6 damage)
             ... on level 2 of the Lair of Beasts.
             The game lasted 00:36:35 (12332 turns).

tognito the Executioner (Minotaur Berserker)       Turns: 12332, Time: 00:36:36

Health: -3/90      AC: 18    Str: 37    XL:     12   Next: 47%
Magic:  11/11      EV:  9    Int:  4    God:    Trog [*****.]
Gold:   828        SH:  0    Dex: 13    Spells: 11/11 levels left

rFire    . . .     SeeInvis .   b - +7 shortbow "Uwinur" {venom, rC+}
rCold    + . .     Gourm    .   (shield currently unavailable)
rNeg     + + .     Faith    +   n - +1 plate armour
rPois    .         Spirit   .   (helmet unavailable)
rElec    .         Reflect  .   A - +0 cloak {+Inv}
rCorr    .         Harm     .   (no gloves)
MR       .....                  F - +2 pair of boots
Stlth    ..........             y - amulet of faith
HPRegen  0.25/turn              m - +6 ring of strength
MPRegen  0.12/turn              D - ring of Jumaedd {rN++ Str+5}

@: no status effects
A: retaliatory headbutt, horns 3, slimy green scales 1, thin skeletal structure
1, subdued magic 1
a: Berserk, Trog's Hand, Brothers in Arms, Renounce Religion, Evoke Invisibility


You were on level 2 of the Lair of Beasts.
You worshipped Trog.
Trog was extremely pleased with you.
You were not hungry.

You visited 2 branches of the dungeon, and saw 14 of its levels.
You also visited: Sewer.

You collected 828 gold pieces.

Inventory:

Hand Weapons
 a - the +7 battleaxe of Wounding {chop, rPois}
   (Trog gifted it to you on level 6 of the Dungeon)

   It inflicts extra damage upon your enemies.
   It protects you from poison.
 b - the +7 shortbow "Uwinur" (weapon) {venom, rC+}
   (You found it on level 10 of the Dungeon)

   It poisons the ammo it fires.
   It protects you from cold.
 C - a +1 executioner's axe of chopping
 K - a +3 lajatang of electrocution
Missiles
 e - 276 arrows (quivered)
 h - 5 javelins of returning
 o - 38 bolts
Armour
 n - a +1 plate armour (worn)
 A - a +0 cloak of invisibility (worn)
 F - a +2 pair of boots (worn)
 J - a scarf of repulsion
Jewellery
 m - a +6 ring of strength (left hand)
 y - an amulet of faith (around neck)
 D - the ring of Jumaedd (right hand) {rN++ Str+5}
   (You found it on level 10 of the Dungeon)

   [ring of strength]

   It affects your strength (+5).
   It greatly protects you from negative energy.
 G - an uncursed ring of stealth
 L - a +5 ring of dexterity
Wands
 p - a wand of iceblast (10)
 q - a wand of polymorph (11)
 u - a wand of acid (5)
 w - a wand of enslavement (12)
 z - a wand of disintegration (2)
 B - a wand of digging (13)
 H - a wand of flame (41)
Scrolls
 f - 2 scrolls of enchant weapon
 g - 3 scrolls of fog
 i - 4 scrolls of identify
 j - 7 scrolls of remove curse
 r - 4 scrolls of fear
 s - 5 scrolls of teleportation
 I - 2 scrolls of enchant armour
 N - a scroll of magic mapping
 O - a scroll of blinking
Potions
 d - a potion of invisibility
 k - 4 potions of resistance
 l - 3 potions of brilliance
 t - a potion of magic
 v - 4 potions of might
 x - 5 potions of curing
 E - 2 potions of agility
Comestibles
 c - 34 rations


   Skills:
 - Level 3.6 Fighting
 + Level 22.1 Axes
 - Level 2.4 Armour
 - Level 2.1 Dodging


You had 11 spell levels left.
You didn't know any spells.
Your spell library was empty.

Dungeon Overview and Level Annotations

Branches:
Dungeon (12/15)            Temple (0/1) D:4            Lair (1/6) D:11
    Orc (0/2) D:9

Altars:
Ashenzari
Yredelemnul
Zin
The Shining One

Shops:
D:5 [*((*   D:10 (?

Annotations:
D:12 Azrael


Innate Abilities, Weirdness & Mutations

You reflexively headbutt those who attack you in melee.
You have a pair of large horns on your head.
You are partially covered in slimy green scales. (AC +2)
You have a somewhat thin skeletal structure. (Dex +2, Stealth)
Your spells are a little easier to cast, but a little less powerful.


Message History

Press: ? - help, Shift-Dir - straight line, f/p - seven-headed hydra
Aim: a seven-headed hydra (severely wounded, poisoned)
You shoot an arrow. The arrow hits the seven-headed hydra!
The seven-headed hydra is severely wounded.
The seven-headed hydra bites you but does no damage.
The seven-headed hydra closely misses you.
The seven-headed hydra bites you but does no damage.
The seven-headed hydra bites you!
The seven-headed hydra bites you but does no damage.
The seven-headed hydra bites you!
The seven-headed hydra bites you but does no damage.
The seven-headed hydra barely misses you.
The seven-headed hydra bites you. The seven-headed hydra bites you!
* * * LOW HITPOINT WARNING * * *
The seven-headed hydra bites you!
* * * LOW HITPOINT WARNING * * *
The seven-headed hydra bites you!
* * * LOW HITPOINT WARNING * * *
The seven-headed hydra bites you.
You die...

##### # #####P...#.. ###
#........... #.#
##........... .##
#.....D(..... .# #.##@#
.# #.##.# .## #.##.###
P.# #.#..P.## ..##
#.......# ...##
###........#
....#######......<.....
.....P#................#
......>......[..........


You could see a seven-headed hydra.

Vanquished Creatures
  Harold (D:8)
  A hydra (Lair:1)
  Erica (D:11)
  3 two-headed ogres
  2 unseen horrors
  A wizard (D:11)
  An oklob plant (Lair:2)
  A manticore (D:11)
  An ugly thing (D:11)
  Maurice (D:8)
  4 spiny frogs
  2 komodo dragons
  3 trolls
  A hornet (D:11)
  2 hippogriffs
  The ghost of Baril the Magician, an amateur DEWz (D:4)
  Sigmund (D:2)
  A spriggan (D:7)
  A fire elemental (D:12)
  15 yaks
  Grum (D:11)
  3 porcupines
  5 water moccasins
  A hell hound (D:12)
  5 orc warriors
  A necrophage (D:8)
  5 ogres
  2 phantoms
  2 ice beasts
  10 wolves
  8 centaurs
  3 crocodiles
  4 big kobolds
  12 bullfrogs
  8 wights
  5 killer bees (D:10)
  6 howler monkeys
  An electric eel (D:12)
  A centaur zombie (D:11)
  4 crimson imps
  A quasit (D:9)
  5 hounds
  A jelly (D:6)
  2 bullfrog zombies
  5 orc priests
  3 centaur skeletons
  A bullfrog skeleton (D:5)
  Jessica (D:2)
  4 iguanas
  Natasha (thrice) (D:2)
  8 orc wizards
  12 worker ants
  A killer bee zombie (D:3)
  A worker ant zombie (D:7)
  3 gnolls (D:6)
  12 adders
  2 shadow imps
  2 oozes (Sewer)
  An adder skeleton (D:5)
  An adder zombie (D:5)
  5 dart slugs
  6 worms
  5 leopard geckos
  54 orcs
  2 giant cockroaches
  13 goblins
  14 hobgoblins
  5 jackals
  14 kobolds
  6 quokkas
  5 ball pythons
  5 bats
  4 frilled lizards
  A jackal skeleton (D:9)
  A kobold skeleton (D:9)
  A leopard gecko skeleton (D:4)
  A leopard gecko zombie (D:5)
  19 rats
  2 fungi
  2 plants
365 creatures vanquished.

Vanquished Creatures (collateral kills)
  An ice beast (D:9)
  A centaur (D:9)
  An adder skeleton (D:9)
  An orc (D:9)
4 creatures vanquished.

Vanquished Creatures (others)
  A fungus (D:11)
1 creature vanquished.

Grand Total: 370 creatures vanquished

Notes
Turn   | Place    | Note
-------+----------+-------------------------------------------
     0 | D:1      | tognito the Minotaur Berserker began the quest for the Orb.
     0 | D:1      | Reached XP level 1. HP: 19/19 MP: 0/0
    85 | D:1      | Reached skill level 4 in Axes
   128 | D:1      | Reached XP level 2. HP: 24/26 MP: 1/1
   297 | D:1      | Reached skill level 5 in Axes
   739 | D:2      | Reached XP level 3. HP: 31/31 MP: 2/2
   760 | D:2      | Noticed Sigmund
   776 | D:2      | Reached ** piety under Trog
   776 | D:2      | Killed Sigmund
   776 | D:2      | Reached skill level 7 in Axes
   776 | D:2      | Reached XP level 4. HP: 26/39 MP: 3/3
   776 | D:2      | Reached XP level 5. HP: 30/45 MP: 4/4
   923 | D:2      | Noticed Natasha
   930 | D:2      | Killed Natasha
  1014 | D:2      | Reached skill level 8 in Axes
  1040 | D:2      | Noticed Jessica
  1042 | D:2      | Noticed Natasha
  1054 | D:2      | Killed Natasha
  1054 | D:2      | Reached XP level 6. HP: 37/51 MP: 5/5
  1057 | D:2      | Killed Jessica
  1485 | D:2      | Noticed Natasha
  1491 | D:2      | Killed Natasha
  1752 | D:3      | Reached *** piety under Trog
  1950 | D:3      | Reached skill level 9 in Axes
  2249 | D:4      | Found a runed door.
  2249 | D:4      | Noticed Baril's ghost (amateur DEWz)
  2358 | D:4      | Found a glowing drain.
  2377 | D:4      | Reached **** piety under Trog
  2390 | Sewer    | Entered a sewer
  2397 | Sewer    | Reached XP level 7. HP: 57/57 MP: 6/6
  2483 | Sewer    | Reached skill level 10 in Axes
  2969 | D:4      | Found a staircase to the Ecumenical Temple.
  3275 | D:4      | Killed Baril's ghost
  3275 | D:4      | Reached skill level 11 in Axes
  3297 | D:5      | Entered Level 5 of the Dungeon
  3311 | D:5      | Reached XP level 8. HP: 62/64 MP: 7/7
  3364 | D:5      | Found Fupeump's Antique Armour Shop.
  3475 | D:5      | Found Zygef's General Store.
  3528 | D:5      | Found Suana's Antique Weapon Emporium.
  3567 | D:5      | Reached skill level 12 in Axes
  3818 | D:5      | You fall through a shaft!
  3880 | D:6      | Reached skill level 13 in Axes
  3883 | D:6      | Reached ***** piety under Trog
  3883 | D:6      | Received a gift from Trog
  4353 | D:5      | Found Lestrime's Antique Weapon Shop.
  4778 | D:5      | Reached XP level 9. HP: 63/70 MP: 8/8
  4782 | D:5      | Found Ufrezid's Assorted Antiques.
  4876 | D:6      | Reached skill level 14 in Axes
  5037 | D:6      | Found a glowing silver altar of Zin.
  5092 | D:6      | Received a gift from Trog
  5095 | D:6      | Got a translucent battleaxe {god gift}
  5097 | D:6      | Identified the +7 battleaxe of Wounding {chop, rPois} (Trog
                  | gifted it to you on level 6 of the Dungeon)
  5884 | D:7      | Reached skill level 15 in Axes
  6146 | D:8      | Found a shattered altar of Ashenzari.
  6344 | D:8      | Noticed Harold
  6361 | D:8      | Killed Harold
  6361 | D:8      | Reached skill level 16 in Axes
  6361 | D:8      | Reached XP level 10. HP: 41/77 MP: 9/9
  6662 | D:8      | Noticed Maurice
  6689 | D:8      | Killed Maurice
  6894 | D:8      | Noticed a two-headed ogre
  6904 | D:8      | Killed a two-headed ogre
  6904 | D:8      | Reached skill level 17 in Axes
  6919 | D:8      | Found a glowing golden altar of the Shining One.
  7335 | D:9      | Received a gift from Trog
  8143 | D:9      | Found a staircase to the Orcish Mines.
  8408 | D:9      | Reached skill level 18 in Axes
  8479 | D:9      | Found a runed door.
  8482 | D:9      | Found a basalt altar of Yredelemnul.
  8498 | D:9      | Gained mutation: Your spells are a little easier to cast,
                  | but a little less powerful. [potion of mutation]
  8498 | D:9      | Gained mutation: You have a somewhat thin skeletal
                  | structure. (Dex +2, Stealth) [potion of mutation]
  8498 | D:9      | Gained mutation: You are partially covered in slimy green
                  | scales. (AC +2) [potion of mutation]
  8498 | D:9      | Gained mutation: You have a pair of large horns on your
                  | head. [potion of mutation]
  8538 | D:9      | Killed an unseen horror
  8719 | D:10     | Entered Level 10 of the Dungeon
  8831 | D:10     | Found Avock's Antique Weapon Emporium.
  8989 | D:10     | Reached XP level 11. HP: 80/82 MP: 10/10
  8991 | D:10     | Got a brightly glowing marble ring
  8992 | D:10     | Identified the ring of Jumaedd {rN++ Str+5} (You found it
                  | on level 10 of the Dungeon)
  9002 | D:10     | Got a warped shortbow
  9003 | D:10     | Identified the +7 shortbow "Uwinur" {venom, rC+} (You found
                  | it on level 10 of the Dungeon)
  9111 | D:10     | Found Tyirul's Magic Scroll Shop.
  9250 | D:11     | Noticed Erica
  9254 | D:11     | Killed Erica
  9254 | D:11     | Reached skill level 19 in Axes
  9548 | D:11     | Noticed a two-headed ogre
  9556 | D:11     | Killed a two-headed ogre
  9615 | D:11     | Noticed a two-headed ogre
  9621 | D:11     | Killed a two-headed ogre
  9770 | D:11     | Noticed a green ugly thing
  9779 | D:11     | Killed a green ugly thing
  9812 | D:11     | Killed an unseen horror
  9812 | D:11     | Reached skill level 20 in Axes
 10228 | D:11     | Noticed Grum
 10238 | D:11     | Killed Grum
 10415 | D:11     | Noticed a wizard
 10420 | D:11     | Killed a wizard
 10567 | D:11     | Found a staircase to the Lair.
 10878 | D:12     | Received a gift from Trog
 10935 | D:12     | Noticed Azrael
 11254 | Lair:1   | Entered Level 1 of the Lair of Beasts
 11308 | Lair:1   | Reached skill level 21 in Axes
 11310 | Lair:1   | Reached XP level 12. HP: 51/90 MP: 11/11
 11522 | Lair:1   | Noticed an eight-headed hydra
 11530 | Lair:1   | Killed an eight-headed hydra
 11671 | Lair:1   | You fall through a shaft!
 11676 | Lair:2   | Received a gift from Trog
 11875 | Lair:2   | Reached skill level 22 in Axes
 12327 | Lair:2   | Noticed a seven-headed hydra
 12332 | Lair:2   | HP: 3/90 [seven-headed hydra (10)]
 12332 | Lair:2   | Slain by a seven-headed hydra

Skill      XL: |  1  2  3  4  5  6  7  8  9 10 11 12 |
---------------+-------------------------------------+-----
Axes           | 4 5 7 8 9 11 13 16 18 21 22 | 22.1
Fighting       | |  3.6
Armour         | |  2.4
Dodging        | |  2.1

Action                   |  1- 3 |  4- 6 |  7- 9 | 10-12 || total
-------------------------+-------+-------+-------+-------++-------
Melee: Hand axe          |    54 |    84 |       |       ||   138
       Headbutt          |     9 |    26 |    52 |    35 ||   122
       War axe           |       |    45 |   214 |       ||   259
       Battleaxe         |       |       |    59 |   243 ||   302
 Fire: Shortbow          |       |       |    44 |   121 ||   165
Throw: Javelin           |       |       |       |     4 ||     4
Invok: Brothers in Arms  |       |       |       |     1 ||     1
 Abil: Evoke Invisibilit |       |       |       |     1 ||     1
Evoke: Wand              |       |       |       |     1 ||     1
  Use: Scroll            |     2 |     5 |     5 |    13 ||    25
       Potion            |       |     2 |     5 |     6 ||    13
 Stab: Distracted        |       |       |       |     1 ||     1
       Invisible         |       |       |       |     1 ||     1
  Eat: Chunk             |       |     5 |    13 |    19 ||    37
Armor: Animal skin       |    10 |       |       |       ||    10
       Ring mail         |     8 |    36 |       |       ||    44
       Plate armour      |       |    14 |   129 |   187 ||   330
Dodge: Dodged            |    39 |    49 |    93 |    98 ||   279
